 Dungeon Crawl Stone Soup version 0.30-a0-118-ga018f8e90f (webtiles) character file.

Game seed: 17026947936367298744

133 porpoise the Poker (level 4, -5/35 HPs)
             Began as a Demonspawn Gladiator on Sept 14, 2022.
             Slain by a gnoll
             ... wielding a +0 flail
             ... led by a gnoll bouda
              (8 damage)
             ... on level 4 of the Dungeon.
             The game lasted 00:09:07 (3410 turns).

porpoise the Poker (Demonspawn Gladiator)           Turns: 3410, Time: 00:09:09

Health: -5/35      AC:  8    Str: 16    XL:     4   Next: 93%
Magic:  4/4        EV: 11    Int: 10    God:
Gold:   111        SH:  0    Dex: 14    Spells: 3/3 levels left

rFire   . . .      SeeInvis .    a - +0 trident
rCold   . . .      Faith    .    (no shield)
rNeg    . . .      Spirit   .    i - +0 ring mail
rPois   .          Reflect  .    c - +0 helmet
rElec   .          Harm     .    (no cloak)
rCorr   .          Rampage  .    (no gloves)
Will    .....                    (no boots)
Stlth   +.........               (no amulet)
HPRegen 0.11/turn                (no ring)
MPRegen 0.09/turn                (no ring)

@: weakened
A: thin metallic scales 1, ignite blood 1
a: no special abilities


You were on level 4 of the Dungeon.
You visited 1 branch of the dungeon, and saw 4 of its levels.

You collected 111 gold pieces.

Inventory:

Hand Weapons
 a - a +0 trident (weapon)
 b - a +0 sling
Missiles
 d - 3 throwing nets (quivered)
 e - 6 javelins
 h - 3 atropa-tipped darts
 k - 5 boomerangs
 x - 2 silver javelins
Armour
 c - a +0 helmet (worn)
 i - a +0 ring mail (worn)
 v - a +0 leather armour
Scrolls
 g - 2 scrolls of noise
 l - a scroll of acquirement {unknown}
 o - a scroll of summoning {unknown}
 r - a scroll of blinking {unknown}
 s - a scroll of brand weapon {unknown}
 t - a scroll of fog {unknown}
 w - a scroll of immolation {unknown}
 y - a scroll of teleportation
Potions
 f - 2 potions of attraction
 m - 2 potions of curing
 n - a potion of mutation {unknown}
 q - a potion of magic {unknown}
 u - a potion of cancellation {unknown}
 z - a potion of resistance {unknown}
 A - a potion of haste {unknown}
 B - a potion of brilliance {unknown}


   Skills:
 + Level 3.2 Fighting
 * Level 4.5 Polearms
 - Level 1.7 Throwing
 - Level 2.6 Dodging


You had 3 spell levels left.
You didn't know any spells.
Your spell library contained the following spells:

 Spells                   Type           Power      Damage    Failure   Level
 Blink                    Tloc           0%         N/A       73%         2
 Sublimation of Blood     Necr           0%         N/A       73%         2
 Wereblood                Tmut           0%         N/A       73%         2
 Inner Flame              Hex/Fire       0%         N/A       91%         3
 Lesser Beckoning         Tloc           0%         N/A       91%         3
 Cause Fear               Hex            0%         N/A       100%        4
 Manifold Assault         Tloc           0%         N/A       100%        4
 Summon Hydra             Summ           0%         N/A       100%        7
 Discord                  Hex            0%         N/A       100%        8


Dungeon Overview and Level Annotations

Branches:
Dungeon (4/15)
 Temple: D:4-7

Altars:
Cheibriados
Qazlal

Shops:
D:1 (

Annotations:
D:4 Sigmund


Innate Abilities, Weirdness & Mutations

You are partially covered in thin metallic scales. (AC +2)
Your demonic aura sometimes causes spilled blood to erupt in flames.


Message History

You hit the gnoll.
The gnoll is almost dead.
The gnoll bouda barks out a call to the hunt!
The gnolls pick up the pace!
The gnoll barely misses you.
You hit the gnoll.
You kill the gnoll!
Your attacks no longer feel as feeble.
You closely miss the gnoll. The gnoll closely misses you.
The gnoll bouda gazes fiercely through you!
You feel your attacks grow feeble.
You closely miss the gnoll. The gnoll hits you with a +0 flail.
Something hits you but does no damage. The hobgoblin hits you.
You barely miss the hobgoblin. The gnoll hits you but does no damage.
The hobgoblin completely misses you.
The gnoll bouda utters an invocation to its god.
The gnoll bouda is healed somewhat.
Something hits you but does no damage. The gnoll closely misses you.
You hit the hobgoblin.
The hobgoblin is moderately wounded.
The hobgoblin hits you but does no damage.
The gnoll barely misses you.
You barely miss the hobgoblin.
The hobgoblin is moderately wounded.
The hobgoblin hits you but does no damage.
Something hits you but does no damage. The gnoll misses you.
You hit the hobgoblin.
The hobgoblin is heavily wounded.
Your attacks no longer feel as feeble.
The hobgoblin barely misses you. Something hits you but does no damage.
The gnoll hits you with a +0 flail!
* * * LOW HITPOINT WARNING * * *
You hit the hobgoblin but do no damage.
The hobgoblin is heavily wounded.
The hobgoblin hits you.
* * * LOW HITPOINT WARNING * * *
The gnoll bouda gazes fiercely through you!
You feel your attacks grow feeble. The gnoll hits you with a +0 flail!
You die...

### .... #########
..... #.......#
......#######.##.##.#
......g@g{gg..#...#.#
......#########..##.#
..... ####.....# ....
######....###.# ...
#.......### ## ..
#.....).# . #.....<.#
#.......# #.......#


You could see a gnoll bouda, 2 gnolls and a hobgoblin.

Vanquished Creatures
  An adder (D:3)
  4 gnolls
  4 worms
  2 dart slugs (D:2)
  5 orcs (D:3)
  4 bats
  7 endoplasms
  A goblin (D:2)
  7 hobgoblins
  5 jackals
  4 kobolds
  4 quokkas
  6 ball pythons
  A frilled lizard (D:2)
  8 rats
63 creatures vanquished.

Notes
Turn   | Place    | Note
-------+----------+-------------------------------------------
     0 | D:1      | porpoise the Demonspawn Gladiator began the quest for the
                  | Orb.
     0 | D:1      | Reached XP level 1. HP: 16/16 MP: 1/1
   106 | D:1      | Reached skill level 3 in Polearms
   112 | D:1      | Gained mutation: You are partially covered in thin metallic
                  | scales. (AC +2) [demonic ancestry]
   112 | D:1      | Reached XP level 2. HP: 12/22 MP: 2/2
   377 | D:1      | Found Otizam's Antique Weapon Shoppe.
  1240 | D:2      | Reached XP level 3. HP: 14/28 MP: 3/3
  2253 | D:3      | Reached skill level 4 in Polearms
  2307 | D:3      | Gained mutation: Your demonic aura sometimes causes spilled
                  | blood to erupt in flames. [demonic ancestry]
  2307 | D:3      | Reached XP level 4. HP: 29/34 MP: 4/4
  2833 | D:3      | Found a stormy altar of Qazlal.
  2914 | D:3      | Found a snail-covered altar of Cheibriados.
  3379 | D:4      | Noticed Sigmund
  3410 | D:4      | Slain by a gnoll

Illustrated notes

Levels and vault maps discovered:
D:1:      spicycebolla_arrival_ecumenical, layout_rooms, serial_shops,
          nicolae_shop_trees, nrook_mini_backslash, feat_on_display
D:2:      layout_basic, minmay_cut_off
D:3:      layout_loops_ring, cheibrodos_worm_habitat,
          mainiacjoe_overflow_alcove_2, kennysheep_crisscross
D:4:      layout_basic, tso_oasis_becter, mainiacjoe_overflow_brackets,
          uniq_sigmund

Skill      XL: |  1  2  3  4 |
---------------+-------------+-----
Polearms       | 3 4 |  4.5
Fighting       | 3 |  3.2
Throwing       | |  1.7
Dodging        | |  2.6

Action                   |  1- 3 |  4- 6 || total
-------------------------+-------+-------++-------
Melee: Trident           |   172 |    75 ||   247
       Punch             |     3 |       ||     3
 Fire: Sling             |       |    12 ||    12
  Use: Scroll            |     1 |     5 ||     6
 Stab: Sleeping          |     1 |       ||     1
       Distracted        |     1 |       ||     1
Armor: Leather armour    |    22 |       ||    22
       Ring mail         |    29 |    25 ||    54
Dodge: Dodged            |    60 |    37 ||    97

Table legend: (Time is in decaauts)
 A = Elapsed time spent in this place.
 B = Non-inter-level travel time spent in this place.
 C = Inter-level travel time spent in this place.
 D = Time resting spent in this place.
 E = Time spent auto-exploring this place.
 F = Levels seen in this place.
 G = Mean time per level.
                   A        B        C        D        E       F      G
               +--------+--------+--------+--------+--------+-----+--------+
         Total |   3453 |   3335 |    118 |   1293 |   1357 |   4 |  863.2 |
       Dungeon |   3453 |   3335 |    118 |   1293 |   1357 |   4 |  863.2 |
               +--------+--------+--------+--------+--------+-----+--------+

Top non-repeatable levels by time:
     D:2: 1342 daAuts
     D:3: 1007 daAuts
     D:1: 999 daAuts
     D:4: 103 daAuts
